 Dungeon Crawl Stone Soup version 0.19.1 (webtiles) character file.

1254 Kikal the Grappler (level 8, -16/69 HPs)
             Began as a Ghoul Monk on Dec 2, 2016.
             Demolished by an orc warrior
             ... wielding a +0 scimitar
              (19 damage)
             ... on level 5 of the Dungeon.
             The game lasted 00:19:12 (5141 turns).

Kikal the Grappler (Ghoul Monk)                     Turns: 5141, Time: 00:19:13

Health: -16/69     AC:  4    Str: 22    XL:     8   Next: 51%
Magic:  16/16      EV: 12    Int:  5    God:
Gold:   321        SH:  0    Dex: 11    Spells: 0 memorised, 7 levels left

rFire  + + .     SeeInvis .       - Unarmed
rCold  + . .     Gourm    .     s - +1 leather armour {rF+}
rNeg   + + +     Faith    .     (no shield)
rPois  ∞         Spirit   .     (no helmet)
rElec  .         Reflect  .     (no cloak)
rCorr  .         Harm     .     (no gloves)
MR     .....                    (no boots)
Stlth  ++........               A - amulet of regeneration
                                l - ring of magical power
                                k - ring of protection from fire

@: mighty, rotting, slowed, very slow
A: rotting body, claws 1, carnivore 3, cold resistance 1, negative energy
resistance 3, slow regeneration 1, torment resistance, unbreathing
a: no special abilities


You were on level 5 of the Dungeon.
You were not hungry.

You visited 1 branch of the dungeon, and saw 6 of its levels.

You collected 321 gold pieces.

Inventory:

Missiles
 h - 176 stones (quivered)
 y - 4 poisoned tomahawks
 H - 4 tomahawks
Armour
 o - a +1 chain mail of cold resistance
 s - a +1 leather armour of fire resistance (worn)
Jewellery
 a - the ring of Eternity {rElec MP-9 Int+4 Dex+2}
   (You found it on level 4 of the Dungeon)

   [ring of dexterity]

   It affects your intelligence (+4).
   It affects your dexterity (+2).
   It insulates you from electricity.
   It affects your magic capacity (-9).
 k - a ring of protection from fire (left claw)
 l - a ring of magical power (right claw)
 q - a cursed ring of loudness {unknown}
 A - an amulet of regeneration (around neck)
 E - an uncursed ring of protection from fire
Wands
 C - a wand of paralysis (13/24)
 F - a wand of lightning (6/15)
Scrolls
 d - 3 scrolls of remove curse
 e - 2 scrolls of random uselessness {unknown}
 f - 6 scrolls of teleportation
 g - 2 scrolls of identify
 j - a scroll of enchant weapon {unknown}
 r - 3 scrolls of blinking {unknown}
 x - a scroll of amnesia {unknown}
 B - a scroll of enchant armour {unknown}
Potions
 c - a potion of degeneration {unknown}
 i - 2 potions of haste {unknown}
 m - 3 potions of brilliance {unknown}
 n - 2 potions of cancellation
 p - a potion of might
 t - 2 potions of agility {unknown}
 u - 2 potions of heal wounds {unknown}
 v - a potion of curing {unknown}
 z - a potion of berserk rage {unknown}
 D - 3 potions of flight {unknown}
Comestibles
 b - 4 meat rations
 w - 2 slices of pizza
 G - 10 chunks of flesh


   Skills:
 + Level 5.6 Fighting
 - Level 5.1 Armour
 - Level 2.6 Dodging
 - Level 2.1 Stealth
 - Level 8.3 Unarmed Combat


You had 7 spell levels left.
You didn't know any spells.

Dungeon Overview and Level Annotations

Branches:
Dungeon (6/15)
 Temple: D:4-7

Altars:
Okawaru


Innate Abilities, Weirdness & Mutations

Your body is rotting away.
You thrive on raw meat.
You are immune to poison.
You have sharp fingernails.
You are carnivorous and can eat meat at any time.
Your flesh is cold resistant. (rC+)
You are immune to negative energy. (rN+++)
You regenerate slowly when monsters are visible.
You are immune to unholy pain and torment.
You can survive without breathing.


Message History

The magic dart hits you!
* * * LOW HITPOINT WARNING * * *
The orc warrior closely misses you. The orc wizard casts a spell at you.
You resist with some effort. The orc wizard hits you with a dagger.
* * * LOW HITPOINT WARNING * * *
This raw flesh tastes great!
You regained 3 hp, and now have 14/69 hp.
You feel very mighty all of a sudden. The orc warrior barely misses you.
The orc wizard gestures wildly while chanting.
The orc wizard blinks!
The orc wizard gestures wildly while chanting.
The orc warrior hits you with a scimitar!
* * * LOW HITPOINT WARNING * * *
You take 11 damage, and have 3/69 hp.
You closely miss the orc warrior. You claw the orc warrior!
The orc warrior is heavily wounded.
The orc warrior hits you with a scimitar!!
You die...

.# #.# .# #.#
.#############.####
..................#
#.############.##.#
#.# #.##>#
#.############.##.###
...............§o...#
#.############.#@##§#
#.# #.#.##.# #.#
#.#.##.# #># #.#.##.#
..# #.#o##.# ###
#.#.##.####
#######.........#
#.........##.##.#
#.##########.##.#


You could see an orc warrior and an orc wizard.

Vanquished Creatures
  A phantom (D:6)
  An ice beast (D:6)
  A sky beast (D:5)
  2 ogres
  3 centaurs
  2 scorpions
  A crimson imp (D:5)
  3 orc wizards
  An orc priest (D:6)
  2 centaur skeletons (D:4)
  An iguana (D:4)
  A worker ant (D:4)
  A gnoll (D:1)
  10 adders
  An adder zombie (D:6)
  An ooze (D:3)
  An adder skeleton (D:4)
  2 worms (D:3)
  A leopard gecko (D:3)
  22 orcs
  4 giant cockroaches
  8 goblins
  11 hobgoblins
  10 jackals
  2 quokkas
  5 bats
  5 frilled lizards
  2 kobolds
  14 rats
119 creatures vanquished.

Notes
Turn   | Place    | Note
-------+----------+-------------------------------------------
     0 | D:1      | Kikal the Ghoul Monk began the quest for the Orb.
     0 | D:1      | Reached XP level 1. HP: 19/19 MP: 0/0
   288 | D:1      | Reached XP level 2. HP: 25/26 MP: 1/1
   296 | D:1      | Reached skill level 4 in Unarmed Combat
   699 | D:1      | Reached XP level 3. HP: 29/31 MP: 2/2
  1567 | D:2      | Reached skill level 5 in Unarmed Combat
  1641 | D:2      | Reached XP level 4. HP: 34/38 MP: 3/3
  2073 | D:3      | Reached skill level 1 in Armour
  2487 | D:3      | Reached XP level 5. HP: 43/46 MP: 4/4
  3011 | D:4      | Noticed an ogre
  3079 | D:4      | Got a wavering turquoise ring
  3223 | D:4      | Reached XP level 6. HP: 47/53 MP: 5/5
  3314 | D:4      | Reached skill level 6 in Unarmed Combat
  3804 | D:5      | Entered Level 5 of the Dungeon
  3877 | D:5      | Reached skill level 7 in Unarmed Combat
  3877 | D:5      | Reached XP level 7. HP: 40/59 MP: 6/6
  3891 | D:5      | Identified the ring of Eternity {rElec MP-9 Int+4 Dex+2} (You found it on level 4 of the Dungeon)
  3969 | D:5      | Got an ichor-stained robe
  3980 | D:5      | Identified the cursed +1 robe "Paehiwir" {rPois rC+ Str+6 Int-5} (You found it on level 5 of the Dungeon)
  3980 | D:5      | Lost intelligence.
  4522 | D:5      | Found an iron altar of Okawaru.
  4629 | D:5      | Reached skill level 8 in Unarmed Combat
  4784 | D:6      | Reached XP level 8. HP: 41/67 MP: 7/7
  4959 | D:6      | Reached skill level 5 in Armour
  5033 | D:6      | Reached skill level 5 in Fighting
  5140 | D:5      | HP: 3/69 [orc warrior/scimitar (12)]
  5141 | D:5      | Demolished by an orc warrior

Skill      XL: |  1  2  3  4  5  6  7  8 |
---------------+-------------------------+-----
Unarmed Combat | 4 5 7 8 |  8.3
Armour         | 1 2 4 5 |  5.1
Fighting       | 4 5 |  5.6
Dodging        | |  2.6
Stealth        | |  2.1

Action                   |  1- 3 |  4- 6 |  7- 9 || total
-------------------------+-------+-------+-------++-------
Melee: Unarmed           |    90 |   186 |   149 ||   425
       Punch             |     8 |     5 |     3 ||    16
Throw: Stone             |       |     1 |     1 ||     2
  Use: Scroll            |       |     1 |     6 ||     7
       Potion            |       |       |     2 ||     2
 Stab: Sleeping          |     1 |     4 |       ||     5
  Eat: Chunk             |    12 |    20 |    16 ||    48
Armor: Robe              |     4 |       |       ||     4
       Leather armour    |    10 |    43 |    38 ||    91
Dodge: Dodged            |    47 |   113 |    68 ||   228
